Map: Ruins of Endion

Players

Pokebunny - Winner!

  • Race: Terran Terran
  • League: Grandmaster

Epic

  • Race: Terran Terran
  • League: Grandmaster

VOD

Have the link to the VOD?

Description

Time

  • Played on: April 7, 2016, 10:16 p.m.
  • Length: 17:09
Show
View Real Time Build Order
Export as new Build Order

Pokebunny Terran - Winner!

Build Orders: Reaper Expand, Bio Tank 

Get SALT Encoding   

  12  0:01  SCV  
  13  0:13  SCV  
  14  0:18  Supply Depot  
  14  0:25  SCV  
  15  0:40  Barracks, SCV  
  16  0:45  Refinery  
  16  0:52  SCV  
  17  1:04  SCV  
  18  1:16  SCV  
  19  1:28  Orbital Command, Reaper  
  20  1:39  Command Center  
  20  1:49  Supply Depot  
  20  1:54  SCV  
  21  1:59  Marine  
  22  2:06  SCV  
  22  2:07  Factory  
  23  2:13  Refinery  
  23  2:17  Marine  
  23  2:20  SCV  
  24  2:32  SCV  
  24  2:35  Marine  
  25  2:48  SCV  
  26  2:53  Hellion, Orbital Command  
  26  2:56  Starport  
  26  2:58  Marine  
  28  3:00  SCV  
  31  3:12  SCV  
  31  3:13  Widow Mine  
  31  3:16  Marine  
  31  3:19  SCV  
  35  3:25  SCV  
  35  3:26  Supply Depot  
  36  3:31  SCV  
  36  3:34  Medivac  
  39  3:35  Marine  
  40  3:49  Factory Tech Lab  
  40  3:54  Command Center  
  40  3:55  Barracks Tech Lab  
  40  3:59  Barracks, SCV x2  
  39  4:12  Siege Tank  
  39  4:13  Barracks  
  39  4:16  Stimpack  
  42  4:17  Starport Reactor  
  42  4:19  Marine  
  43  4:37  Marine, SCV x2  
  46  4:44  Siege Tank  
  49  4:54  Barracks Reactor, Marine  
  49  4:57  SCV  
  49  4:58  SCV  
  51  5:00  Medivac  
  51  5:04  Refinery  
  53  5:12  Marine  
  53  5:14  Barracks Reactor  
  53  5:23  SCV x2  
  55  5:30  Marine  
  55  5:32  Barracks  
  55  5:33  Engineering Bay, Orbital Command  
  55  5:34  Marine x2  
  56  5:36  Barracks  
  56  5:42  Siege Tank  
  58  5:50  SCV x2  
  58  5:52  Marine x3  
  58  5:54  Refinery  
  62  5:57  Medivac  
  62  5:59  SCV  
  62  6:02  SCV x2, Terran Infantry Weapons Level 1  
  67  6:11  Missile Turret  
  67  6:13  SCV  
  67  6:14  SCV  
  67  6:17  Missile Turret  
  68  6:30  Marine x2  
  68  6:31  Barracks Reactor x2  
  69  6:35  Supply Depot x2  
  69  6:40  Supply Depot, Siege Tank, Marine x3  
  69  6:41  Combat Shields  
  75  6:50  Marine x2  
  77  6:56  Medivac  
  77  6:58  Marine  
  77  7:00  Orbital Command  
  77  7:01  Missile Turret  
  80  7:03  Armory  
  80  7:05  Engineering Bay, Missile Turret  
  70  7:19  Marine x4  
  70  7:20  Marine x4  
  70  7:30  Marine  
  70  7:31  Siege Tank, Medivac  
  70  7:33  SCV x3  
  77  7:37  Marine  
  77  7:38  Marine x2  
  77  7:39  Marine  
  81  7:45  Marine, SCV x2  
  81  7:46  Marine x3  
  81  7:48  Marine  
  81  7:49  Medivac  
  90  7:53  Supply Depot  
  90  7:55  Marine  
  90  7:57  Refinery  
  90  8:01  Missile Turret  
  90  8:03  Siege Tank, Missile Turret  
  90  8:04  Marine x2  
  95  8:12  Marine x3  
  88  8:24  Marine  
  88  8:25  Marine  
  87  8:34  Marine x3  
  87  8:35  Marine x2  
  87  8:36  Siege Tank, Medivac x2  
  87  8:37  SCV x3  
  102  8:44  Marine  
  102  8:45  Marine x3  
  102  8:47  Terran Vehicle Weapons Level 1  
  102  8:48  Barracks x2  
  106  8:49  SCV x2  
  106  8:50  SCV  
  109  8:58  Missile Turret  
  109  9:00  Supply Depot  
  109  9:02  Supply Depot  
  109  9:05  Marine x3  
  109  9:07  Marine  
  99  9:11  Marine x3  
  99  9:12  Marine x2  
  99  9:13  Siege Tank  
  100  9:17  Medivac  
  100  9:18  Medivac  
  100  9:20  Terran Infantry Armor Level 1  
  104  9:24  Terran Infantry Weapons Level 2  
  104  9:35  Marine  
  104  9:36  Marine x3  
  104  9:37  Barracks Reactor  
  108  9:38  Barracks Reactor  
  108  9:43  Supply Depot  
  108  9:44  Marine, Supply Depot  
  108  9:45  Marine x4  
  113  9:47  Refinery  
  105  9:55  Marine  
  93  10:08  Marine x3  
  93  10:13  Marine  
  93  10:14  Siege Tank, Marine x5  
  93  10:16  SCV x3  
  93  10:20  Medivac x2  
  106  10:25  Marine  
  103  10:34  Marine  
  103  10:35  Marine x8  
  105  10:37  Marine  
  112  10:43  Marine  
  112  10:46  Siege Tank  
  112  10:49  Factory  
  110  10:52  Marine  
  110  10:53  Marine x4  
  110  10:54  Viking x2  
  117  11:07  SCV  
  117  11:08  SCV x2  
  113  11:21  Marine x3  
  113  11:25  Siege Tank, Marine x7  
  113  11:31  Terran Infantry Armor Level 2  
  119  11:35  Marine  
  119  11:50  Marine  
  119  11:51  Marine x9  
  129  11:56  Missile Turret  
  129  12:00  Missile Turret  
  129  12:02  Missile Turret  
  129  12:04  Marine  
  129  12:08  Marine  
  126  12:21  Marine x2  
  126  12:22  Marine  
  125  12:25  Siege Tank  
  125  12:26  Factory Tech Lab  
  125  12:27  Marine x3  
  128  12:31  Supply Depot x2  
  128  12:32  Supply Depot  
  128  12:33  Marine  
  128  12:34  Marine x4  
  133  12:41  Marine  
  133  12:42  Marine  
  133  12:43  Marine  
  131  12:45  Marine  
  131  12:47  Marine x2  
  131  12:48  Siege Tank  
  125  12:51  Marine  
  125  12:52  Terran Infantry Weapons Level 3  
  126  13:00  Siege Tank, Marine  
  126  13:01  Marine x4  
  134  13:06  Supply Depot  
  134  13:17  Marine  
  134  13:18  Marine x6  
  134  13:19  Marine x2  
  143  13:20  Siege Tank  
  143  13:25  Command Center  
  146  13:31  Marine  
  146  13:32  Marine  
  104  13:35  Marine  
  104  13:36  Marine x4  
  109  13:51  Siege Tank, Marine  
  109  13:52  Marine x4  
  117  13:59  Marine x4  
  121  14:09  Terran Infantry Armor Level 3, Missile Turret  
  119  14:14  Marine x2  
  120  14:28  Marine x4  
  120  14:29  Marine  
  117  14:34  Siege Tank  
  117  14:35  Marine x2  
  117  14:37  Viking  
  124  14:46  Marine  
  124  14:47  Marine x2  
  124  14:48  Marine  
  124  14:49  Marine x4  
  132  14:58  Marine  
  132  14:59  Marine x2  
  135  15:04  Marine x2  
  119  15:19  Viking x2  
  118  15:23  Marine x2  
  118  15:24  Marine  
  113  15:42  Marine x8  
  108  15:49  Medivac  
  116  15:54  Marine x2  
  116  15:55  Marine  
  89  16:06  Planetary Fortress  
  89  16:09  SCV  
  90  16:13  Marine  
  90  16:17  Marine  
  80  16:27  Siege Tank  
  75  16:48  Marine  
  75  16:49  Marine  
  75  16:50  Marine x4  
Show
View Real Time Build Order
Export as new Build Order

Epic Terran 

Build Orders: Reaper Expand, Bio Tank 

Get SALT Encoding   

  12  0:00  SCV  
  13  0:12  SCV  
  14  0:17  Supply Depot  
  14  0:24  SCV  
  15  0:39  SCV  
  15  0:40  Barracks  
  16  0:43  Refinery  
  16  0:51  SCV  
  17  1:03  SCV  
  18  1:15  SCV  
  19  1:27  Orbital Command  
  19  1:28  Reaper  
  20  1:41  Command Center  
  20  1:51  Supply Depot  
  20  1:53  SCV  
  21  1:59  Marine  
  22  2:07  Factory  
  22  2:11  SCV  
  22  2:18  Marine  
  23  2:23  SCV  
  24  2:35  SCV  
  24  2:36  Marine  
  24  2:47  SCV  
  24  2:49  Refinery  
  25  2:53  Widow Mine  
  25  2:55  Starport  
  27  3:00  SCV  
  27  3:01  Marine  
  29  3:06  Orbital Command  
  29  3:12  SCV  
  29  3:19  Marine  
  30  3:24  Factory Tech Lab, SCV  
  31  3:32  Medivac  
  31  3:33  SCV  
  34  3:36  SCV  
  34  3:38  Barracks  
  34  3:41  Barracks  
  35  3:44  Marine  
  35  3:46  SCV  
  35  3:48  Siege Tank, SCV  
  39  3:57  Supply Depot  
  39  4:00  SCV x2  
  40  4:04  Barracks Tech Lab  
  40  4:14  SCV x2  
  42  4:19  Engineering Bay  
  42  4:22  Marine, Stimpack  
  43  4:29  Marine  
  43  4:30  Marine  
  43  4:33  SCV x2  
  43  4:35  Viking  
  47  4:40  Marine  
  46  4:50  SCV x2  
  46  4:51  Marine x2  
  49  4:58  Marine  
  49  5:01  Refinery  
  49  5:02  SCV  
  49  5:06  Supply Depot  
  50  5:08  Starport Reactor  
  50  5:11  Barracks Reactor  
  50  5:13  SCV  
  50  5:14  SCV  
  50  5:19  Barracks Reactor  
  50  5:21  Refinery, Marine  
  51  5:25  SCV  
  51  5:27  SCV  
  54  5:38  Siege Tank, SCV  
  54  5:39  SCV  
  54  5:42  Barracks  
  58  5:45  Barracks  
  58  5:48  Marine x3  
  60  5:50  SCV  
  60  5:51  SCV  
  60  5:53  Terran Infantry Weapons Level 1  
  62  5:57  Marine x2  
  62  6:02  SCV  
  62  6:03  SCV  
  66  6:08  Medivac  
  66  6:10  Medivac  
  70  6:23  Supply Depot  
  70  6:27  Supply Depot  
  70  6:33  Barracks Reactor x2  
  70  6:42  Combat Shields  
  70  6:45  Siege Tank, Marine x5  
  70  6:46  Supply Depot  
  78  6:59  Medivac  
  78  7:00  Medivac  
  82  7:03  Marine x4  
  82  7:05  Marine  
  85  7:11  Marine x4  
  80  7:20  Siege Tank, Marine x4  
  86  7:29  Marine x3  
  87  7:30  Marine  
  87  7:35  Command Center  
  87  7:36  Medivac x2  
  94  7:42  Supply Depot  
  94  7:43  Supply Depot  
  94  7:49  Terran Infantry Armor Level 1  
  94  7:52  Marine x2  
  94  7:54  Marine x6  
  102  8:00  Supply Depot  
  102  8:03  Siege Tank  
  100  8:16  Marine x9  
  100  8:27  Supply Depot  
  100  8:33  Marine  
  100  8:35  Marine  
  100  8:36  Marine x7  
  100  8:41  Siege Tank  
  106  8:48  Orbital Command  
  105  8:51  Marine  
  105  8:53  Marine  
  105  8:54  Marine x3  
  105  8:55  Marine x2  
  98  9:10  Marine x3  
  98  9:11  Marine  
  98  9:12  Marine x5  
  105  9:20  Siege Tank  
  105  9:21  Orbital Command  
  108  9:28  Marine x3  
  111  9:35  Medivac  
  113  9:40  Medivac  
  113  9:49  Marine x4  
  106  10:02  Marine x5  
  106  10:13  Marine  
  106  10:14  Marine x3  
  89  10:18  Medivac x2  
  89  10:20  Marine x5  
  99  10:28  Siege Tank  
  102  10:32  Factory  
  102  10:33  Marine x4  
  106  10:37  Marine  
  106  10:38  Marine x3  
  110  10:46  Marine  
  111  10:51  Marine x2  
  111  10:55  Medivac  
  111  10:56  Medivac  
  112  10:59  Supply Depot  
  112  11:00  Supply Depot, Siege Tank, Marine  
  112  11:01  Marine x5  
  121  11:04  Marine  
  122  11:14  Marine x2  
  122  11:18  Marine x3  
  103  11:24  Marine x4  
  93  11:26  Factory Tech Lab  
  93  11:32  Marine x2  
  95  11:33  Armory, Siege Tank  
  95  11:34  Medivac  
  95  11:35  Engineering Bay  
  95  11:36  Marine x3  
  95  11:38  Medivac  
  105  11:42  Marine x4  
  107  11:52  Marine x2  
  107  11:53  Siege Tank  
  107  11:54  Marine x3  
  112  12:00  Marine  
  116  12:01  Marine x2  
  116  12:02  Marine  
  116  12:06  Siege Tank  
  122  12:09  Marine  
  122  12:10  Marine  
  122  12:12  Marine  
  122  12:15  Marine x2  
  124  12:16  Medivac x2  
  124  12:17  Marine  
  124  12:19  Marine x3  
  132  12:27  Marine  
  132  12:28  Siege Tank  
  134  12:33  Terran Infantry Weapons Level 2  
  134  12:38  Siege Tank  
  134  12:40  Terran Infantry Armor Level 2  
  136  12:48  Marine x3  
  136  12:49  Marine x6  
  129  12:56  Medivac x2  
  129  13:06  Marine x5  
  129  13:10  Siege Tank  
  136  13:17  Siege Tank  
  137  13:25  Terran Vehicle Weapons Level 1  
  108  13:37  Marine  
  108  13:38  Marine x8  
  108  13:39  Medivac  
  108  13:40  Medivac  
  121  13:52  Siege Tank  
  121  13:53  Siege Tank  
  121  13:55  Marine x3  
  127  13:57  Orbital Command  
  130  14:06  Marine x6  
  136  14:19  Medivac x2  
  133  14:32  Marine  
  133  14:33  Marine x6  
  140  14:46  Siege Tank x2  
  146  14:56  Marine x8  
  146  14:57  Marine  
  155  15:14  Marine x7  
  161  15:28  Marine x2  
  162  15:32  Marine  
  162  15:33  Marine  
  162  15:34  Marine x3  
  165  15:45  Refinery x2  
  165  15:50  Marine x5  
  165  15:51  Marine x2  
  165  15:52  Marine x2  
  122  16:00  Siege Tank  
  124  16:07  Siege Tank  
  124  16:08  Marine x5  
  124  16:09  Marine x4  
  136  16:25  Marine x3  
  136  16:26  Marine x2  
  136  16:27  Marine  
  136  16:28  Marine x3  
  145  16:43  Marine x5  
  145  16:45  Marine  
Tags
 
Add a new tag
Caveats
  • Supply blocks, unpowered buildings, or Contaminate may cause inaccurate times.
  • Supply counts are checked every 10 seconds.